Map: Solaris LE

Players

ONSYDEMaru (Maru)

  • Race: Terran Terran
  • Spawn Location: 7:00

DKZDark (Dark) - Winner!

  • Race: Zerg Zerg
  • League: Master
  • Spawn Location: 1:00

VOD

Have the link to the VOD?

Description

Time

  • Played on: Dec. 20, 2023, 7:25 a.m.
  • Length: 14:01
Show
View Real Time Build Order
Export as new Build Order

ONSYDEMaru Terran 

Build Orders: Reaper Expand 

Get SALT Encoding   

  12  0:00  SCV  
  13  0:12  SCV  
  14  0:17  Supply Depot  
  14  0:24  SCV  
  15  0:39  SCV  
  15  0:40  Barracks  
  15  0:42  Refinery  
  16  0:51  SCV  
  17  1:03  SCV  
  18  1:16  SCV  
  19  1:27  Reaper  
  19  1:28  Orbital Command  
  20  1:38  Command Center  
  20  1:52  Supply Depot  
  21  1:54  SCV  
  21  1:59  Marine  
  22  2:06  SCV  
  23  2:15  Factory  
  23  2:19  SCV  
  25  2:25  Barracks Reactor  
  24  2:31  SCV  
  25  2:43  SCV  
  26  2:44  Command Center  
  26  2:51  Orbital Command  
  26  2:55  SCV  
  27  3:02  Starport  
  27  3:05  Refinery  
  27  3:07  SCV  
  27  3:11  Hellion x2  
  32  3:14  Barracks Tech Lab  
  32  3:16  SCV  
  33  3:24  SCV  
  34  3:28  SCV  
  34  3:33  Hellion x2  
  39  3:36  SCV  
  39  3:38  Viking  
  39  3:40  SCV  
  43  3:44  Barracks Tech Lab  
  43  3:48  SCV  
  43  3:52  SCV  
  43  3:55  Hellion  
  45  3:59  Orbital Command  
  45  4:01  SCV  
  46  4:04  SCV  
  46  4:07  Hellion  
  46  4:09  Supply Depot  
  49  4:13  SCV, Liberator  
  49  4:16  SCV  
  54  4:21  Marine, Stimpack  
  55  4:25  SCV  
  55  4:26  SCV  
  57  4:32  Barracks  
  57  4:33  SCV  
  57  4:36  Barracks  
  57  4:37  Supply Depot  
  58  4:38  Marine  
  58  4:43  Factory Reactor  
  58  4:45  SCV x3  
  62  4:51  Engineering Bay x2  
  62  4:52  Refinery  
  62  4:56  Marine  
  62  4:57  SCV, Starport Reactor  
  64  5:00  SCV x2  
  64  5:02  Supply Depot  
  66  5:09  SCV  
  66  5:12  SCV  
  68  5:14  Bunker x2  
  68  5:15  Marauder  
  68  5:21  Siege Tank, Marine x2  
  75  5:27  SCV  
  76  5:29  Engineering Bay  
  76  5:31  Marine  
  76  5:35  Medivac x2  
  81  5:36  SCV, Marine  
  81  5:38  Marine x2  
  85  5:44  Terran Infantry Weapons Level 1  
  85  5:47  Supply Depot  
  79  6:03  Terran Infantry Armor Level 1  
  64  6:08  SCV, Marine x3  
  64  6:09  SCV  
  69  6:12  SCV  
  69  6:15  Siege Tank, Barracks Reactor  
  68  6:20  SCV  
  68  6:21  SCV  
  68  6:24  SCV  
  69  6:26  Marine x3  
  61  6:33  SCV x2, Medivac  
  61  6:36  SCV  
  62  6:44  Marine x3  
  62  6:45  SCV x2  
  67  6:47  Supply Depot  
  67  6:51  SCV  
  68  6:56  Combat Shield  
  68  6:58  SCV  
  68  6:59  SCV  
  70  7:01  Marine x2, Barracks  
  70  7:02  Marine x3  
  70  7:03  SCV, Barracks  
  76  7:09  Supply Depot  
  76  7:10  Siege Tank  
  76  7:11  SCV  
  76  7:12  SCV  
  76  7:15  SCV  
  82  7:17  Refinery  
  82  7:19  Marine x3  
  85  7:25  Armory  
  85  7:26  Supply Depot  
  85  7:27  Supply Depot  
  85  7:31  SCV, Marine x2  
  85  7:34  Medivac  
  90  7:37  Orbital Command, SCV  
  90  7:38  Supply Depot  
  90  7:43  SCV, Marine  
  93  7:47  Siege Tank, Marine x2  
  93  7:49  Marine  
  98  7:52  SCV, Barracks Reactor  
  98  7:53  Barracks Reactor  
  98  7:55  SCV  
  100  7:59  Marine  
  100  8:00  Medivac  
  100  8:01  Marine  
  100  8:03  Supply Depot  
  100  8:04  SCV x2  
  106  8:08  Marine x3  
  109  8:13  SCV  
  109  8:16  SCV x2  
  112  8:21  Terran Infantry Armor Level 2  
  112  8:22  Supply Depot  
  112  8:25  SCV  
  113  8:29  Marine x4  
  113  8:32  Terran Infantry Weapons Level 2  
  113  8:35  Marine x2  
  113  8:39  SCV  
  116  8:42  Marine x2  
  116  8:43  Marine  
  116  8:45  Supply Depot, SCV x2  
  116  8:47  Supply Depot, Medivac  
  123  8:50  Marine x3  
  123  8:51  Marine  
  123  8:52  Marine  
  128  8:56  Terran Vehicle Weapons Level 1  
  128  8:57  Marine  
  128  9:00  SCV x2, Marine  
  132  9:04  Supply Depot  
  132  9:05  Siege Tank  
  132  9:07  Marine x2  
  132  9:08  Marine x2  
  134  9:15  SCV  
  134  9:16  Marine x2, Refinery, Factory  
  134  9:17  Refinery  
  137  9:20  Medivac  
  137  9:22  SCV x2  
  137  9:24  Marine x3  
  142  9:26  Marine  
  142  9:27  SCV, Marine  
  147  9:34  SCV x2  
  129  9:40  SCV  
  129  9:41  Marine x2  
  108  9:46  SCV x2  
  108  9:48  Marine x2  
  108  9:52  SCV  
  108  9:53  Marine  
  108  9:58  SCV x2  
  108  10:04  SCV  
  108  10:05  Factory Tech Lab  
  108  10:06  Siege Tank  
  112  10:08  Marine x2  
  112  10:10  SCV x2  
  116  10:15  Medivac x2  
  116  10:16  SCV  
  116  10:17  Marine  
  116  10:18  Marine x3  
  125  10:22  SCV  
  125  10:25  Siege Tank  
  125  10:26  Marine  
  125  10:27  Marine x3  
  133  10:30  SCV x2  
  133  10:33  Marine  
  133  10:35  Marine x2  
  136  10:38  Siege Tank  
  136  10:41  Marine x2  
  135  10:44  Marine x2  
  135  10:45  Marine  
  135  10:46  Marine  
  135  10:47  Liberator x2  
  145  10:51  Marauder  
  145  10:52  Supply Depot x2  
  147  11:03  Siege Tank  
  150  11:04  Marine x7  
  150  11:09  Marine  
  150  11:10  Siege Tank  
  156  11:13  Marauder  
  143  11:22  Marine x6  
  143  11:23  Marine  
  144  11:27  Marine  
  144  11:30  Medivac  
  144  11:32  Liberator  
  138  11:34  Marine  
  138  11:35  Siege Tank  
  142  11:40  Marine x3  
  142  11:43  Siege Tank  
  142  11:44  Marine x3  
  142  11:46  Marine x2  
  153  11:52  Marine  
  146  11:57  Marine  
  146  11:58  Marine x2  
  142  12:01  Marine  
  142  12:02  Marine x2  
  142  12:04  Marine x2  
  142  12:07  Siege Tank  
  146  12:10  Marine  
  146  12:15  Siege Tank, Marine, Medivac  
  151  12:16  Marine x2  
  151  12:19  Marine  
  151  12:20  Marine  
  151  12:21  Marine  
  150  12:38  Marine x3  
  150  12:39  Siege Tank, Marine  
  142  12:47  Siege Tank  
  142  12:48  Marine x2  
  142  12:49  Marine x3, Medivac  
  137  12:57  Medivac  
  124  12:58  Marine  
  124  12:59  Marine  
  107  13:06  Marine x3  
  102  13:21  Siege Tank  
  102  13:26  Marine x6  
  109  13:27  Marine  
  109  13:31  Marine x2  
  108  13:39  SCV x2  
Show
View Real Time Build Order
Export as new Build Order

DKZDark Zerg - Winner!

Build Orders: Hatch First 

Get SALT Encoding   

  12  0:00  Drone  
  13  0:12  Overlord  
  13  0:17  Drone  
  14  0:30  Drone  
  14  0:31  Drone  
  16  0:48  Hatchery  
  15  0:52  Drone  
  15  0:54  Drone  
  17  0:58  Drone  
  18  1:08  Extractor  
  17  1:15  Spawning Pool  
  17  1:17  Drone  
  17  1:20  Drone  
  18  1:28  Drone  
  19  1:39  Drone  
  20  1:50  Drone  
  21  2:01  Queen x2  
  21  2:06  Zergling x4  
  27  2:11  Metabolic Boost  
  27  2:15  Overlord  
  27  2:16  Drone  
  28  2:35  Hatchery, Drone  
  28  2:36  Drone  
  29  2:43  Queen  
  31  2:46  Drone x2  
  31  2:50  Overlord  
  33  2:54  Drone  
  33  2:55  Drone  
  33  2:57  Drone  
  36  3:13  Drone x7  
  36  3:15  Overlord  
  43  3:31  Roach Warren, Queen  
  44  3:35  Drone x2  
  44  3:36  Zergling x4  
  44  3:39  Drone  
  49  3:42  Drone x2  
  49  3:43  Extractor  
  49  3:47  Drone x2, Zergling x4  
  54  3:51  Extractor  
  53  3:57  Drone x2  
  55  4:02  Zergling x2  
  55  4:04  Zergling x4  
  55  4:07  Overlord  
  57  4:11  Overlord x2  
  57  4:17  Overlord  
  57  4:19  Overlord  
  57  4:23  Overlord  
  56  4:31  Roach x5  
  66  4:35  Roach  
  68  4:41  Roach  
  68  4:42  Roach x2  
  74  4:46  Roach  
  74  4:49  Overlord  
  76  4:55  Zergling x4  
  76  4:56  Zergling x6  
  82  5:00  Zergling x6  
  82  5:02  Ravager x3  
  82  5:05  Zergling x4  
  89  5:10  Zergling x4  
  89  5:12  Ravager  
  89  5:13  Ravager  
  92  5:15  Zergling x6  
  92  5:16  Zergling x2  
  94  5:30  Zergling x8  
  94  5:34  Ravager x2  
  100  5:39  Zergling x10  
  105  5:45  Overlord  
  105  5:57  Zergling x8  
  91  6:03  Zergling x8  
  83  6:05  Ravager  
  83  6:08  Zergling x10  
  83  6:09  Zergling x2  
  88  6:14  Zergling x4  
  88  6:17  Lair  
  84  6:19  Zergling x8  
  74  6:35  Roach  
  74  6:36  Roach x7  
  74  6:39  Roach x3  
  90  6:45  Drone  
  91  6:50  Drone x3  
  91  6:51  Drone x2  
  96  6:57  Drone x3  
  99  7:02  Evolution Chamber  
  99  7:05  Evolution Chamber  
  99  7:06  Drone x2  
  99  7:07  Drone x2  
  101  7:11  Drone x2  
  101  7:12  Drone x2  
  101  7:13  Drone  
  106  7:16  Glial Reconstitution  
  106  7:19  Drone x2  
  106  7:21  Drone  
  109  7:24  Drone  
  109  7:26  Drone x2  
  109  7:28  Zerg Missile Weapons Level 1  
  112  7:31  Extractor  
  112  7:33  Zerg Ground Armor Level 1  
  111  7:43  Roach  
  113  7:46  Overlord  
  113  7:47  Overlord x5  
  109  7:53  Overlord  
  109  7:55  Extractor  
  109  7:56  Extractor  
  107  7:58  Overlord  
  107  8:05  Drone x4  
  110  8:09  Roach x2  
  110  8:10  Roach  
  110  8:12  Roach  
  119  8:13  Hatchery  
  119  8:14  Roach  
  119  8:16  Roach  
  119  8:18  Roach  
  123  8:24  Roach x4  
  123  8:26  Roach  
  133  8:28  Roach  
  133  8:31  Hatchery  
  133  8:33  Roach  
  137  8:37  Roach x2  
  137  8:39  Roach  
  137  8:41  Roach x2  
  146  8:45  Roach x2  
  146  8:46  Roach  
  152  8:52  Roach x3  
  158  8:56  Roach x2  
  158  8:59  Ravager x7  
  169  9:06  Roach x2  
  169  9:11  Overlord x2  
  169  9:14  Overlord  
  169  9:20  Overlord  
  169  9:22  Overlord  
  169  9:27  Roach  
  169  9:29  Roach  
  169  9:30  Roach  
  148  9:40  Roach x4  
  148  9:41  Roach  
  148  9:43  Roach x5  
  148  9:45  Roach x2  
  152  9:50  Roach  
  152  9:53  Roach x3  
  143  10:01  Roach x3  
  143  10:04  Drone x2  
  143  10:06  Zerg Missile Weapons Level 2  
  148  10:07  Drone  
  148  10:08  Drone  
  148  10:09  Drone x2  
  148  10:12  Unknown  
  151  10:17  Zerg Ground Armor Level 2  
  151  10:19  Roach x2  
  155  10:23  Roach x2  
  155  10:25  Roach  
  155  10:26  Roach  
  155  10:27  Ravager  
  155  10:28  Ravager x3  
  166  10:29  Ravager  
  166  10:32  Roach  
  166  10:33  Drone x2  
  166  10:35  Roach  
  174  10:42  Ravager  
  163  10:43  Roach x3  
  163  10:44  Roach x3  
  163  10:49  Queen  
  177  10:51  Roach  
  177  10:52  Roach  
  177  10:54  Roach x2  
  177  10:56  Roach  
  187  11:06  Ravager  
  187  11:07  Ravager x5  
  187  11:08  Roach x3  
  186  11:12  Roach x3  
  186  11:13  Roach x2  
  167  11:22  Roach x5  
  167  11:23  Ravager, Roach  
  157  11:33  Ravager  
  157  11:34  Zergling x12  
  157  11:36  Ravager  
  157  11:37  Roach  
  167  11:42  Roach x2  
  168  11:49  Roach  
  168  11:50  Roach  
  168  11:51  Ravager x4, Roach  
  168  11:52  Roach x2  
  168  11:53  Zergling x4  
  176  11:59  Roach x2  
  166  12:08  Roach x3  
  155  12:09  Roach  
  155  12:12  Roach  
  155  12:13  Roach  
  155  12:15  Roach x3  
  166  12:18  Roach  
  166  12:20  Roach x2  
  174  12:22  Roach  
  174  12:23  Roach x2  
  174  12:27  Roach  
  174  12:28  Roach x3  
  184  12:33  Roach x2  
  184  12:36  Roach x2  
  185  12:40  Ravager x2  
  166  12:47  Roach x3  
  152  12:52  Roach x2  
  143  12:59  Roach  
  143  13:00  Roach x4  
  145  13:05  Roach  
  145  13:06  Ravager, Roach x3  
  145  13:07  Ravager x3  
  145  13:09  Roach x2  
  145  13:10  Roach  
  155  13:14  Roach  
  148  13:22  Roach x2  
  148  13:23  Roach x2  
  148  13:26  Roach  
  158  13:28  Roach  
  154  13:37  Roach x3  
  154  13:39  Roach  
  154  13:40  Roach  
  151  13:41  Roach  
Tags
 
Add a new tag
Caveats
  • Supply blocks, unpowered buildings, or Contaminate may cause inaccurate times.
  • Supply counts are checked every 10 seconds.